 Dungeon Crawl Stone Soup version 0.31-a0-845-g9abc20d24f (webtiles) character file.

Game seed: 11642230518916480717

36 Nattfarinn the Ruffian (level 3, -4/27 HPs)
             Began as a Djinni Shapeshifter on Oct 2, 2023.
             Slain by a mummy (18 damage)
             ... on level 3 of the Dungeon.
             The game lasted 00:01:30 (1043 turns).

Nattfarinn the Ruffian (Djinni Shapeshifter)        Turns: 1043, Time: 00:01:31

Health: -4/27      AC:  2    Str: 15    XL:     3   Next: 57%
Gold:   55         EV: 12    Int: 11    God:
                   SH:  0    Dex: 12

rFire   + +          .
                       - Unarmed
rCold   x . .        (no shield)
rNeg    . . .        a - +0 animal skin
rPois   ∞            (helmet currently unavailable)
rElec   .            (cloak currently unavailable)
rCorr   .            (gloves currently unavailable)
SInv    .            (boots unavailable)
Will    .....        (no amulet)
Stlth   +            (no ring)
HPRegen 0.24/turn    (no ring)
MPRegen 0.00/turn

%: infuse magic (-5 HP)
@: beast-form, flying
A: beast (slay +1), flying, sickness immunity, fire resistance 2, cold
vulnerability 1, float, innate caster, HP casting, extra vitality 1
a: Begin Untransformation


You were on level 3 of the Dungeon.
You were a hulking beast.
You visited 1 branch of the dungeon, and saw 4 of its levels.

You collected 55 gold pieces.

Inventory:

Armour
 a - a +0 animal skin (worn)
Talismans
 c - a beast talisman (active)
 d - a flux talisman
Scrolls
 e - a scroll of fog {unknown}
 f - 2 scrolls of identify {unknown}
 g - a scroll of revelation {unknown}
 h - a scroll of blinking {unknown}
Potions
 b - a potion of lignification


   Skills:
 + Level 1.6 Fighting
 - Level 2.1 Dodging
 * Level 3.5 Unarmed Combat
 * Level 3.1 Shapeshifting


You knew the following spells:

 Your Spells              Type           Power      Damage    Failure   Level
a - Apportation           Tloc           0%         N/A       34%         1
Your spell library was empty.

Dungeon Overview and Level Annotations

Branches:
Dungeon (4/15)
 Temple: D:4-7

Altars:
Cheibriados


Innate Abilities, Weirdness & Mutations

You are a hulking beast.
Your limbs bulge with bestial killing power. (Slay +1)
You are flying.
You are immune to sickness and miasma.
You are immune to poison.
Your flesh is very heat resistant. (rF++)
You are vulnerable to cold. (rC-)
You float through the air rather than walking.
You learn spells naturally, not from books.
Your magical power is your life essence.
You have superior vitality. (+4 MHP)


Message History

There is an open door here.
You reach down and open the door.
There is an open door here.
You reach down and open the door.
There is an open door here.
Found a stone staircase leading up.
Found a chain mail.
Found an escape hatch in the floor.
No target in view!
No target in view!
No target in view!
f - 2 scrolls labelled ONEONULING (gained 1)
There is an escape hatch in the floor here.
You see here a +0 chain mail.
You see here a +0 chain mail.
There is an escape hatch in the floor here.
A mummy comes into view.
Found a snail-covered altar of Cheibriados.
Found a whip.
A bat comes into view.
The mummy hits you but does no damage.
You hit the mummy.
The mummy is moderately damaged.
You hit the mummy.
The mummy is heavily damaged.
The mummy hits you!
Ouch! That really hurt!
You are too injured to fight recklessly!
You are too injured to fight recklessly!
You are too injured to fight recklessly!
You are too injured to fight recklessly!
You closely miss the mummy.
The mummy is heavily damaged.
You hit the mummy but do no damage.
The mummy is heavily damaged.
The mummy barely misses you.
You punch the mummy! You punch the mummy, but do no damage.
The mummy is almost destroyed.
The mummy hits you!!
Ouch! That really hurt!
You die...

#.## ##.......#
#..#####........#
##.#............#
#...####.......#######
#..## #.............#
#..# #.......#####.#
#..# #.###.....# ...#
### #.....# ....#
#..h..# ...#.#
....b..M......# ......
#.............#
#......_......#
#)...........##
.............#
.####.....#### #.....#


You could see a mummy and a bat.

Vanquished Creatures
  An adder (D:4)
  2 dart slugs
  A ball python (D:1)
  4 endoplasms
  3 goblins (D:1)
  3 hobgoblins
  5 bats
  A kobold (D:1)
  2 rats
22 creatures vanquished.

Notes
Turn   | Place    | Note
-------+----------+-------------------------------------------
     0 | D:1      | Nattfarinn the Djinni Shapeshifter began the quest for the
                  | Orb.
     0 | D:1      | Reached XP level 1. HP: 17/17 MP: 0/0
   329 | D:1      | Reached XP level 2. HP: 22/22 MP: 0/0
   698 | D:2      | Reached XP level 3. HP: 26/27 MP: 0/0
   698 | D:2      | Learned a level 1 spell: Apportation
   742 | D:2      | You are sucked into a shaft and drop 2 floors!
  1034 | D:3      | Found a snail-covered altar of Cheibriados.
  1043 | D:3      | Slain by a mummy

Illustrated notes

Levels and vault maps discovered:
D:1:      minmay_arrival_widening_spiral_wide, layout_loops_cross
D:2:      layout_rooms, ebering_ecumenical_altar_box
D:3:      layout_rooms, elyvilon_altar_5, slow_altar_1, nicolae_hexahallways
D:4:      layout_loops_ring, serial_shops, shop, gammafunk_ghost_stat_death,
          dreamdust_princess_corridor, hangedman_decor_opposing,
          kennysheep_boxes, uniq_eustachio, uniq_menkaure

Skill      XL: |  1  2 |
---------------+-------+-----
Shapeshifting  | 3 |  3.1
Fighting       | |  1.6
Dodging        | |  2.1
Unarmed Combat | |  3.5

Action                     || total
---------------------------++-------
  Melee: Unarmed           ||    69
         Punch             ||     1
   Stab: Sleeping          ||     1
 Armour: Animal skin       ||    35
  Dodge: Dodged            ||    51

Table legend: (Time is in decaauts)
 A = Elapsed time spent in this place.
 B = Non-inter-level travel time spent in this place.
 C = Inter-level travel time spent in this place.
 D = Time resting spent in this place.
 E = Time spent auto-exploring this place.
 F = Levels seen in this place.
 G = Mean time per level.
                   A        B        C        D        E       F      G
               +--------+--------+--------+--------+--------+-----+--------+
         Total |   1038 |    989 |     49 |      0 |    835 |   4 |  259.5 |
       Dungeon |   1038 |    989 |     49 |      0 |    835 |   4 |  259.5 |
               +--------+--------+--------+--------+--------+-----+--------+

Top non-repeatable levels by time:
     D:1: 690 daAuts
     D:3: 231 daAuts
     D:4: 68 daAuts
     D:2: 47 daAuts
